 Dungeon Crawl Stone Soup version 0.28-a0-1182-g381e24db82 (webtiles) character file.

Game seed: 11664014788484164217

849 bearlyready the Destroyer (level 7, 0/57 HPs)
             Began as a White Draconian Conjurer on Dec 17, 2021.
             Was an Initiate of Yredelemnul.
             Succumbed to an adder's poison
             ... on level 5 of the Dungeon.
             The game lasted 00:08:43 (4768 turns).

bearlyready the Destroyer (DrCj)                    Turns: 4768, Time: 00:08:44

Health: 0/57       AC:  6    Str: 10    XL:     7   Next: 69%
Magic:  10/10      EV: 12    Int: 20    God:    Yredelemnul [......]
Gold:   198        SH:  0    Dex:  9    Spells: 3/10 levels left

rFire   . . .      SeeInvis .   e - +0 spear (venom)
rCold   + . .      Faith    .   (no shield)
rNeg    . . .      Spirit   .   (armour unavailable)
rPois   .          Reflect  .   (helmet restricted)
rElec   .          Harm     .   (no cloak)
rCorr   .          Rampage  .   (no gloves)
Will    .....                   (no boots)
Stlth   ++........              (no amulet)
HPRegen 0.19/turn               (no ring)
MPRegen 0.12/turn               (no ring)

@: lethally poisoned (0 -> -5), marked, on berserk cooldown, flying, hasted and
slowed, studying Fighting
A: breathe frost, AC +6, unfitting armour, cold resistance 1, cold-blooded
a: Breathe Frost, Renounce Religion, Recall Undead Harvest


You were on level 5 of the Dungeon.
You worshipped Yredelemnul.
Yredelemnul was noncommittal.
You visited 1 branch of the dungeon, and saw 5 of its levels.

You collected 198 gold pieces.

Inventory:

Hand Weapons
 e - a +0 spear of venom (weapon)
 g - a +0 dagger
 n - a +1 hand axe of electrocution
Jewellery
 j - a ring of protection from cold
Wands
 b - a wand of flame (7)
Scrolls
 c - 2 scrolls of vulnerability {unknown}
 d - a scroll of magic mapping {unknown}
 h - a scroll of immolation {unknown}
 l - a scroll of teleportation
 m - 2 scrolls of identify {unknown}
 o - 3 scrolls of noise {unknown}
 p - a scroll of enchant armour
Potions
 a - a potion of haste
 k - a potion of attraction


   Skills:
 + Level 3.5 Fighting
 - Level 1.7 Dodging
 - Level 1.7 Stealth
 - Level 2.0 Spellcasting
 + Level 8.4 Conjurations
 + Level 3.4 Hexes


You had 3 spell levels left.
You knew the following spells:

 Your Spells              Type           Power      Damage    Failure   Level
a - Magic Dart            Conj           100%       1d8       1%          1
b - Searing Ray           Conj           70%        2d7       1%          2
c - Fulminant Prism       Conj/Hex       12%        3d9       14%         4

Your spell library contained the following spells:

 Spells                   Type           Power      Damage    Failure   Level
 Dazzling Flash           Conj/Hex       50%        N/A       4%          3
 Iskenderun's Mystic Bla  Conj/Tloc      18%        2d6       28%         4


Dungeon Overview and Level Annotations

Branches:
Dungeon (5/15)
 Temple: D:4-7

Altars:
Ru
Yredelemnul

Shops:
D:2 [   D:3 :


Innate Abilities, Weirdness & Mutations

You can breathe waves of freezing cold which knock back foes.
Your icy white scales are hard. (AC +6)
You cannot fit into any form of body armour.
Your flesh is cold resistant. (rC+)
You are cold-blooded and may be slowed by cold attacks.


Message History

You kill the howler monkey!
Your orc zombie misses something.
Something hits you. The wyvern skeleton bites you.
You are too confused!
You feel yourself speed up.
You feel less confused. The adder barely misses you.
The wyvern skeleton bites you!
A centaur skeleton comes into view.
The adder bites you but does no damage. Something hits you.
The scorpion closely misses you.
Your orc zombie closely misses something.
The iguana misses you. The wyvern skeleton bites you. The iguana misses you.
Your orc zombie closely misses something.
The adder bites you. The scorpion closely misses you.
Your orc zombie closely misses something.
As you read the scroll labelled CAIJOGOCUO, it crumbles to dust.
You feel strangely unstable.
It was a scroll of teleportation.
The adder bites you but does no damage.
The scorpion stings you but does no damage.
Your orc zombie closely misses something.
As you read the scroll labelled SOPRU LIMIDD, it crumbles to dust.
It is a scroll of enchant armour.
You aren't carrying any armour which can be enchanted further.
The adder bites you but does no damage. The wyvern skeleton bites you!
* * * LOW HITPOINT WARNING * * *
The scorpion stings you.
* * * LOW HITPOINT WARNING * * *
The iguana bites you!
* * * LOW HITPOINT WARNING * * *
The adder bites you.
* * * LOW HITPOINT WARNING * * *
You are lethally poisoned!
The adder poisons you!
Okay, then.
Your surroundings suddenly seem different.
Found a hunting sling.
You die...
Your body rises from the dead as a mindless zombie.

.#......##
...........
...........
....#...###
......###
))#..##
.##..###
####
..##..<#.
#..#.##..
.## ....
#@.......
.# #..##.
#........
.##....#
.........
......#
..#.......
.....## ###
......)
..)..# #
......#
..ZZ.###.#
......#
...Z...>..
......#


ZSsh...... There were no monsters in sight!

Vanquished Creatures
  Sigmund (D:3)
  Blork the orc (D:4)
  A bullfrog (D:4)
  A scorpion (D:4)
  A howler monkey (D:5)
  A centaur skeleton (D:5)
  A jelly (D:4)
  Natasha (D:4)
  5 adders
  3 gnolls (D:3)
  4 dart slugs
  13 orcs
  4 ball pythons
  5 bats
  4 endoplasms
  A giant cockroach (D:2)
  4 goblins
  9 hobgoblins
  3 kobolds
  3 quokkas
  6 frilled lizards
  An orc zombie (D:3)
  4 rats
77 creatures vanquished.

Vanquished Creatures (collateral kills)
  2 centaurs (D:4)
  Natasha (D:4)
  2 adders
  3 endoplasms
  A goblin (D:2)
  A hobgoblin (D:2)
  2 kobolds
  A quokka (D:3)
13 creatures vanquished.

Vanquished Creatures (others)
  A scorpion zombie (D:4)
  2 adder zombies
  A bat zombie (D:2)
  A goblin zombie (D:3)
  2 hobgoblin zombies
  An orc zombie (D:3)
  A fulminant prism (D:3)
9 creatures vanquished.

Grand Total: 99 creatures vanquished

Notes
Turn   | Place    | Note
-------+----------+-------------------------------------------
     0 | D:1      | bearlyready the Draconian Conjurer began the quest for the
                  | Orb.
     0 | D:1      | Reached XP level 1. HP: 14/14 MP: 3/3
   452 | D:1      | Reached XP level 2. HP: 13/20 MP: 3/5
   694 | D:1      | Learned a level 2 spell: Searing Ray
  1288 | D:2      | Found Ritzurgh's Armour Boutique.
  1344 | D:2      | Reached skill level 5 in Conjurations
  1375 | D:2      | Reached XP level 3. HP: 22/26 MP: 0/6
  1474 | D:2      | Found a basalt altar of Yredelemnul.
  1489 | D:2      | Became a worshipper of Yredelemnul the Dark
  2260 | D:2      | Reached * piety under Yredelemnul
  2301 | D:2      | Reached XP level 4. HP: 30/33 MP: 4/7
  2593 | D:3      | Noticed Sigmund
  2602 | D:3      | Reached skill level 6 in Conjurations
  2642 | D:3      | Killed Sigmund
  2643 | D:3      | Reached skill level 7 in Conjurations
  2643 | D:3      | Reached XP level 5. HP: 22/38 MP: 3/8
  2645 | D:3      | Reached XP level 6. HP: 25/45 MP: 3/9
  2712 | D:3      | Learned a level 4 spell: Fulminant Prism
  3166 | D:3      | Reached skill level 1 in Hexes
  3171 | D:3      | Found Ifiotas's Book Emporium.
  3356 | D:3      | Reached ** piety under Yredelemnul
  3453 | D:4      | Found a sacrificial altar of Ru.
  3775 | D:4      | Reached skill level 8 in Conjurations
  3775 | D:4      | Your scales start taking on an icy white colour.
  3775 | D:4      | Reached XP level 7. HP: 33/50 MP: 10/10
  3775 | D:4      | Gained mutation: Your flesh is cold resistant. (rC+) [White
                  | Draconian growth]
  4028 | D:4      | Noticed Blork the orc
  4033 | D:4      | Reached skill level 1 in Fighting
  4038 | D:4      | Killed Blork the orc
  4240 | D:4      | Noticed Natasha
  4254 | D:4      | Killed Natasha
  4571 | D:4      | Killed Natasha
  4605 | D:5      | Entered Level 5 of the Dungeon
  4767 | D:5      | HP: 2/57 [adder (1)]
  4768 | D:5      | Succumbed to an adder's poison

Illustrated notes

Levels and vault maps discovered:
D:1:      shiori_arrival_oz, layout_rooms, minmay_hexomino_f4
D:2:      layout_rooms, serial_shops, shop, basic_altar, serial_corexii_hall,
          corexii_hall_statues_l, corexii_hall_statues_x, st_stairs_9,
          corexii_item_surrounded_by_moat, minmay_misc_feat_roman,
          chequers_serial_rivers_micro_c
D:3:      layout_rooms, serial_shops, shop, uniq_sigmund
D:4:      layout_basic, mainiacjoe_overflow_six_doors_small,
          minmay_manual_mares, uniq_natasha, uniq_blork_the_orc
D:5:      layout_cave_pools, mainiacjoe_overflow_surrounded_room,
          kennysheep_mini_moat, st_stairs_14

Skill      XL: |  1  2  3  4  5  6  7 |
---------------+----------------------+-----
Conjurations   | 5 7 8 |  8.4
Hexes          | 2 3 |  3.4
Fighting       | 3 |  3.5
Dodging        | |  1.7
Stealth        | |  1.7
Spellcasting   | |  2.0

Action                   |  1- 3 |  4- 6 |  7- 9 || total
-------------------------+-------+-------+-------++-------
Melee: Unarmed           |    76 |       |       ||    76
       Tailslap          |    10 |     8 |     4 ||    22
       Dagger            |    74 |     6 |       ||    80
       Hand axe          |       |    44 |       ||    44
       Spear             |       |    45 |    51 ||    96
 Cast: Magic Dart        |    20 |       |       ||    20
       Searing Ray       |     7 |     3 |       ||    10
       Fulminant Prism   |       |     1 |       ||     1
  Use: Potion            |       |     7 |     3 ||    10
       Scroll            |       |       |     2 ||     2
 Stab: Sleeping          |     2 |     2 |       ||     4
Armor: Skin              |    64 |    45 |    32 ||   141
Dodge: Dodged            |   126 |    58 |    52 ||   236

Table legend: (Time is in decaauts)
 A = Elapsed time spent in this place.
 B = Non-inter-level travel time spent in this place.
 C = Inter-level travel time spent in this place.
 D = Time resting spent in this place.
 E = Time spent auto-exploring this place.
 F = Levels seen in this place.
 G = Mean time per level.
                   A        B        C        D        E       F      G
               +--------+--------+--------+--------+--------+-----+--------+
         Total |   4771 |   4516 |    255 |     42 |   3715 |   5 |  954.2 |
       Dungeon |   4771 |   4516 |    255 |     42 |   3715 |   5 |  954.2 |
               +--------+--------+--------+--------+--------+-----+--------+

Top non-repeatable levels by time:
     D:1: 1289 daAuts
     D:2: 1189 daAuts
     D:4: 1163 daAuts
     D:3: 968 daAuts
     D:5: 160 daAuts
